Map: Romanticide LE

Players

Probe - Winner!

  • Race: Protoss Protoss

MeomaikA

  • Race: Zerg Zerg

Event: DreamHack SC2 Masters 2021 Fall

VOD

Have the link to the VOD?

Description

Time

  • Played on: July 31, 2021, 6:21 a.m.
  • Length: 10:31

All games in this series

Show
View Real Time Build Order
Export as new Build Order

Probe Protoss - Winner!

Build Orders: 1 Gate Expand, Oracle Opening 

Get SALT Encoding   

  12  0:00  Probe  
  13  0:12  Probe  
  14  0:19  Pylon  
  14  0:24  Probe  
  15  0:38  Probe (Chrono Boost), Gateway  
  16  0:48  Probe (Chrono Boost)  
  16  0:49  Assimilator  
  17  0:53  Probe (Chrono Boost)  
  18  1:05  Probe  
  19  1:17  Probe  
  20  1:26  Nexus  
  20  1:36  Cybernetics Core  
  20  1:39  Probe  
  21  1:46  Assimilator  
  21  1:51  Probe  
  22  1:55  Pylon  
  22  2:04  Probe  
  23  2:10  Adept (Chrono Boost)  
  25  2:16  Probe  
  26  2:25  Stargate  
  26  2:28  Probe  
  27  2:30  Adept (Chrono Boost)  
  29  2:38  Probe  
  29  2:40  Probe  
  29  2:42  Warp Gate  
  32  2:52  Probe x2 (Chrono Boost)  
  32  2:53  Adept  
  35  3:04  Probe (Chrono Boost)  
  37  3:07  Oracle (Chrono Boost)  
  37  3:08  Probe (Chrono Boost)  
  37  3:10  Probe (Chrono Boost)  
  41  3:15  Probe  
  41  3:17  Pylon  
  41  3:18  Probe  
  43  3:27  Probe  
  43  3:30  Probe  
  43  3:35  Void Ray (Chrono Boost)  
  43  3:39  Probe, Shield Battery  
  43  3:40  Gateway  
  46  3:49  Pylon  
  46  3:50  Probe  
  46  3:52  Probe  
  48  4:01  Assimilator  
  48  4:02  Assimilator, Probe  
  48  4:04  Probe  
  48  4:08  Void Ray  
  49  4:14  Probe  
  49  4:16  Probe  
  55  4:18  Pylon  
  55  4:26  Probe  
  55  4:28  Probe  
  57  4:34  Stargate  
  57  4:37  Pylon, Adept  
  59  4:38  Probe, Adept  
  59  4:40  Probe  
  63  4:55  Probe x2  
  63  4:58  Pylon  
  61  5:08  Probe x2  
  61  5:11  Pylon  
  63  5:14  Nexus, Void Ray  
  63  5:17  Pylon  
  63  5:18  Pylon  
  63  5:19  Void Ray  
  63  5:20  Probe  
  71  5:32  Forge  
  71  5:35  Robotics Facility  
  71  5:36  Probe  
  72  5:45  Shield Battery  
  72  5:46  Shield Battery  
  72  5:47  Zealot  
  72  5:48  Zealot  
  76  5:52  Probe  
  77  6:00  Shield Battery  
  77  6:06  Probe  
  78  6:11  Zealot x2  
  78  6:12  Probe  
  78  6:14  Pylon  
  78  6:15  Pylon  
  78  6:18  Probe  
  84  6:24  Probe  
  85  6:27  Probe  
  85  6:29  Pylon  
  85  6:30  Probe  
  87  6:35  Pylon  
  87  6:36  Probe, Void Ray  
  89  6:42  Probe  
  89  6:44  Adept  
  96  6:49  Shield Battery  
  96  6:50  Shield Battery  
  96  6:52  Photon Cannon  
  95  6:54  Probe x2, Photon Cannon  
  95  7:00  Zealot  
  97  7:02  Shield Battery  
  97  7:04  Adept  
  97  7:07  Probe  
  90  7:13  Shield Battery  
  90  7:14  Shield Battery  
  90  7:18  Probe x2  
  90  7:19  Immortal (Chrono Boost)  
  90  7:20  Probe  
  90  7:22  Protoss Ground Weapons Level 1 (Chrono Boost)  
  94  7:23  Adept  
  96  7:30  Probe, Photon Cannon  
  96  7:31  Probe  
  96  7:34  Stalker  
  100  7:39  Probe, Twilight Council  
  100  7:41  Assimilator x2  
  101  7:48  Adept  
  101  7:49  Observer (Chrono Boost)  
  104  7:52  Gateway  
  104  7:54  Gateway  
  104  7:56  Gateway  
  104  7:59  Sentry  
  106  8:08  Nexus  
  106  8:10  Pylon  
  106  8:12  Pylon  
  106  8:13  Gateway  
  106  8:14  Charge (Chrono Boost)  
  106  8:18  Templar Archives  
  106  8:21  Gateway  
  105  8:30  Warp Prism  
  105  8:34  Gateway  
  107  8:35  Pylon  
  107  8:42  Pylon  
  107  8:43  Photon Cannon  
  107  8:52  Zealot x5  
  118  8:55  Probe x2  
  117  9:03  Photon Cannon  
  115  9:10  High Templar  
  115  9:14  Phoenix x2  
  115  9:15  High Templar x4  
  115  9:16  High Templar x2  
  133  9:19  Photon Cannon  
  133  9:20  Archon x3  
  133  9:29  High Templar  
  135  9:33  Probe x2  
  135  9:35  Pylon  
  135  9:37  Archon  
  137  9:43  High Templar  
  137  9:48  High Templar x3  
  137  9:49  Zealot  
  137  9:50  Zealot x2  
  149  9:53  Archon  
  149  9:55  Archon  
  149  10:00  Probe x3  
  149  10:03  Gateway  
  149  10:06  Gateway  
  152  10:08  Gateway  
  152  10:09  Zealot  
  152  10:10  Zealot  
  152  10:11  Zealot x2  
  148  10:17  Zealot  
Show
View Real Time Build Order
Export as new Build Order

MeomaikA Zerg 

Build Orders: Hatch First 

Get SALT Encoding   

  12  0:00  Drone  
  13  0:08  Drone  
  14  0:17  Overlord  
  14  0:24  Drone, Extractor  
  15  0:35  Drone x2  
  17  0:53  Drone  
  18  1:04  Hatchery  
  18  1:07  Spawning Pool  
  18  1:10  Drone  
  17  1:12  Extractor  
  17  1:15  Drone  
  17  1:19  Drone  
  18  1:29  Drone  
  19  1:42  Overlord  
  19  1:54  Queen  
  19  1:55  Drone  
  19  2:01  Drone  
  23  2:10  Drone  
  23  2:12  Metabolic Boost  
  24  2:16  Queen, Drone  
  24  2:20  Drone  
  28  2:25  Evolution Chamber  
  28  2:27  Drone  
  28  2:31  Drone  
  29  2:38  Drone  
  29  2:42  Zergling x2  
  31  2:51  Zerg Melee Weapons Level 1, Hatchery  
  30  2:54  Drone  
  31  2:58  Overlord  
  31  3:00  Zergling x2  
  31  3:03  Zergling x2  
  34  3:05  Zergling x2  
  34  3:08  Zergling x2  
  34  3:10  Zergling x2  
  36  3:16  Baneling Nest  
  36  3:19  Zergling x4  
  37  3:23  Zergling x4  
  38  3:29  Drone  
  38  3:31  Drone  
  38  3:34  Drone  
  40  3:35  Drone  
  40  3:38  Drone  
  42  3:44  Drone, Spore Crawler  
  43  3:48  Overlord  
  43  3:54  Drone  
  44  3:56  Lair, Extractor  
  44  3:59  Drone  
  43  4:06  Drone  
  43  4:09  Drone x3  
  46  4:10  Drone  
  46  4:14  Overlord  
  47  4:17  Drone x2  
  47  4:19  Drone  
  50  4:27  Queen, Overlord  
  52  4:34  Overlord  
  52  4:37  Queen  
  54  4:43  Drone x2, Spore Crawler  
  56  4:45  Drone x2  
  56  4:51  Drone x3  
  56  4:52  Drone  
  61  4:54  Drone  
  61  4:55  Drone  
  62  5:05  Queen, Nydus Network  
  56  5:08  Drone x2  
  56  5:12  Drone  
  57  5:18  Queen  
  57  5:21  Queen  
  60  5:33  Zergling x8  
  64  5:41  Queen  
  66  5:45  Nydus Canal  
  66  5:46  Zergling x2  
  66  5:47  Zergling x6  
  66  5:48  Zergling x4  
  72  5:50  Zergling x10  
  72  5:52  Zergling x2  
  72  5:54  Zergling x2  
  72  5:55  Zergling x2  
  80  6:00  Nydus Canal, Zergling x2  
  80  6:07  Overlord x2  
  80  6:09  Overlord  
  80  6:11  Overlord  
  79  6:24  Nydus Canal  
  77  6:25  Overlord  
  77  6:27  Drone x4, Spire  
  77  6:28  Drone, Extractor  
  77  6:31  Extractor  
  79  6:34  Queen  
  79  6:36  Drone  
  82  6:43  Drone  
  82  6:44  Queen, Drone x2  
  87  6:47  Drone  
  87  6:48  Drone  
  87  6:50  Drone  
  90  6:55  Overlord  
  90  6:56  Drone x2  
  90  7:00  Drone  
  90  7:01  Drone  
  92  7:02  Drone x2  
  92  7:06  Drone x2  
  92  7:08  Zergling x4  
  87  7:09  Zergling x2  
  87  7:10  Zergling x2  
  87  7:12  Zergling x2  
  83  7:21  Zergling x4  
  83  7:23  Drone, Extractor  
  79  7:35  Drone x3, Extractor  
  81  7:42  Zerg Flyer Weapons Level 1  
  81  7:48  Queen x2  
  81  7:49  Queen  
  81  7:50  Hatchery  
  86  7:58  Drone  
  86  7:59  Drone x5  
  92  8:08  Overlord  
  92  8:09  Drone x3  
  92  8:12  Overlord  
  95  8:14  Drone x4  
  95  8:17  Drone  
  95  8:19  Spore Crawler  
  97  8:35  Drone x3, Extractor  
  99  8:43  Mutalisk x9  
  99  8:46  Mutalisk x2  
  116  9:09  Corruptor x8  
  122  9:12  Mutalisk  
  122  9:14  Drone  
  122  9:15  Drone, Extractor  
  122  9:16  Drone  
  136  9:23  Overlord x4  
  136  9:32  Overlord  
  136  9:42  Mutalisk x6  
  136  9:43  Zergling x2  
  136  9:44  Zergling x10  
  136  9:45  Mutalisk  
  154  9:47  Zergling x2  
  154  9:48  Zergling x2  
  154  9:49  Zergling x2  
  154  9:50  Zergling x2  
  154  9:52  Mutalisk  
  160  9:53  Zergling x2  
  160  9:56  Mutalisk  
  160  9:59  Zergling x4  
  165  10:00  Zergling x4  
  165  10:01  Zergling x2  
  165  10:02  Zergling x2  

Tags
 
Add a new tag
Caveats
  • Supply blocks, unpowered buildings, or Contaminate may cause inaccurate times.
  • Supply counts are checked every 10 seconds.